 Dungeon Crawl Stone Soup version 0.24.0-123-gd5b16e6ec5 (webtiles) character file.

Game seed: 8743127224330460767, levelgen mode: deterministic

4083 Elellon the Cleaver (level 10, -1/87 (88) HPs)
             Began as a Hill Orc Fighter on Jan 13, 2020.
             Was an Elder of Okawaru.
             Slain by an orc warrior
             ... wielding a +0 glaive
              (2 damage)
             ... on level 9 of the Dungeon.
             The game lasted 00:14:07 (10697 turns).

Elellon the Cleaver (Hill Orc Fighter)             Turns: 10697, Time: 00:14:08

HP:   -1/87 (88)    AC:  9    Str: 23    XL:     10   Next: 25%
MP:   10/10         EV:  8    Int:  8    God:    Okawaru [****..]
Gold: 642           SH: 11    Dex: 10    Spells: 9/9 levels left

rFire    + . .     SeeInvis .   a - +0 war axe
rCold    + . .     Gourm    +   c - +0 shield
rNeg     + . .     Faith    .   A - +1 scale mail {MR+}
rPois    .         Spirit   .   (no helmet)
rElec    .         Reflect  .   o - scarf {rC+ rF+}
rCorr    .         Harm     .   (no gloves)
MR       +....                  (no boots)
Stlth    ..........             K - amulet of the gourmand
HPRegen  0.24/turn              i - ring of positive energy
MPRegen  0.12/turn              (no ring)

@: no status effects
A: no striking features
a: Heroism, Renounce Religion, Convert to Beogh


You were on level 9 of the Dungeon.
You worshipped Okawaru.
Okawaru was greatly pleased with you.
You were completely stuffed.

You visited 2 branches of the dungeon, and saw 10 of its levels.

You collected 642 gold pieces.

Inventory:

Hand Weapons
 a - a +0 war axe (weapon)
Armour
 b - a +0 scale mail
 c - a +0 shield (worn)
 o - a scarf of resistance (worn)
 A - a +1 scale mail of magic resistance (worn)
Jewellery
 i - a ring of positive energy (left hand)
 K - an amulet of the gourmand (around neck)
Wands
 x - a wand of paralysis (8)
 D - a wand of iceblast (4)
 I - a wand of digging (5)
 J - a wand of flame (14)
Scrolls
 j - 4 scrolls of teleportation {unknown}
 k - 2 scrolls of identify
 l - 6 scrolls of remove curse
 m - 2 scrolls of blinking {unknown}
 n - 5 scrolls of fog {unknown}
 p - 4 scrolls of amnesia {unknown}
 r - a scroll of magic mapping {unknown}
 u - a scroll of fear {unknown}
 v - 2 scrolls of enchant armour {unknown}
 y - 2 scrolls of summoning {unknown}
 G - 3 scrolls of vulnerability {unknown}
 H - a scroll of immolation {unknown}
Potions
 d - 2 potions of might
 e - 3 potions of berserk rage {unknown}
 g - 5 potions of curing {unknown}
 h - 3 potions of heal wounds {unknown}
 q - a potion of mutation {unknown}
 s - 2 potions of ambrosia {unknown}
 t - a potion of agility {unknown}
 w - a potion of brilliance {unknown}
 z - 2 potions of flight {unknown}
 B - 2 potions of cancellation {unknown}
 E - 4 potions of haste {unknown}
Comestibles
 f - 20 rations
 C - 4 chunks of flesh


   Skills:
 + Level 8.2 Fighting
 * Level 12.7 Axes
 + Level 7.5 Armour
 + Level 7.6 Shields


You had 9 spell levels left.
You didn't know any spells.
Your spell library contained the following spells:

 Spells                   Type           Power        Failure   Level  Hunger
 Magic Dart               Conj           #...         95%         1    ##.....
 Summon Small Mammal      Summ           #...         95%         1    ##.....
 Blink                    Tloc           N/A          98%         2    ###....
 Call Imp                 Summ           #.......     98%         2    ###....
 Slow                     Hex            #.......     98%         2    ###....
 Call Canine Familiar     Summ           #.......     100%        3    ####...
 Conjure Flame            Conj/Fire      #.......     100%        3    ####...
 Mephitic Cloud           Conj/Pois/Air  #.......     100%        3    ####...
 Summon Guardian Golem    Hex/Summ       #.......     100%        3    ####...
 Summon Ice Beast         Ice/Summ       #.......     100%        4    #####..
 Summon Lightning Spire   Summ/Air       #.......     100%        4    #####..


Dungeon Overview and Level Annotations

Branches:
Dungeon (9/15)             Temple (1/1) D:5            Lair (0/6) D:9
    Orc: D:9-12

Altars:
Ashenzari
Cheibriados
Dithmenos
Elyvilon
Fedhas
Gozag
Hepliaklqana
Kikubaaqudgha
Nemelex Xobeh
Okawaru
Qazlal
Ru
Sif Muna
Trog
Uskayaw
Vehumet
Wu Jian
Yredelemnul
Zin
The Shining One

Shops:
D:5 *

Annotations:
D:7 2 transporters
D:9 3 runed translucent doors, Thargor's ghost, novice DEFE


Message History

Pain shoots through your body!
* * * LOW HITPOINT WARNING * * *
You hit the orc priest but do no damage.
The orc priest is heavily wounded.
You slash the orc!
You kill the orc!
Okawaru accepts your kill.
The orc priest shouts, "Join the one true god or die!"
You hit the bullfrog. You block the bullfrog's attack.
The orc warrior hits you from afar with a +0 glaive!
* * * LOW HITPOINT WARNING * * *
You block the bullfrog's attack. The orc closely misses you.
The orc priest closely misses you.
Your shield and scale mail prevent you from hitting the orc priest.
The orc priest is heavily wounded.
You slash the bullfrog!
The bullfrog hits you but does no damage.
You block the orc priest's attack.
The orc warrior hits you from afar with a +0 glaive.
You die...

################.....PP)
........................
######.#########......P
#..# ###..... ########.#
###... .......#.# ####
......o#.# ......F#.#
....ooo@.# ...[#.)### .
#.. .... #####


You could see an orc warrior, a bullfrog, an orc priest, an orc wizard and an
orc.

Vanquished Creatures
  Joseph (D:8)
  A hippogriff (D:9)
  A yak (D:9)
  Edmund (D:6)
  A water moccasin (D:8)
  Duvessa (D:4)
  2 porcupines (D:9)
  An orc warrior (D:8)
  A black bear (D:9)
  A necrophage (D:9)
  A centaur (D:6)
  4 ogres
  6 bullfrogs
  A big kobold (D:7)
  Dowan (D:4)
  5 scorpions
  3 howler monkeys (D:7)
  4 crimson imps
  7 jellies
  3 orc priests
  5 hounds
  A gnoll shaman (D:7)
  An iguana (D:9)
  7 orc wizards
  4 worker ants
  A killer bee zombie (D:5)
  A hound skeleton (D:8)
  A mummy (D:4)
  Robin (D:4)
  4 worker ant zombies
  A howler monkey zombie (D:7)
  6 adders
  6 gnolls
  A shadow imp (D:7)
  5 oozes (D:8)
  An adder skeleton (D:7)
  A worm (D:2)
  5 dart slugs
  3 leopard geckos
  26 orcs
  A ball python (D:6)
  9 bats
  4 giant cockroaches
  17 goblins
  15 hobgoblins
  21 jackals
  11 kobolds
  5 quokkas
  3 frilled lizards
  2 gnoll zombies (D:2)
  A hobgoblin zombie (D:4)
  3 orc zombies (D:4)
  7 rats
  A fungus (D:9)
  A plant (D:9)
228 creatures vanquished.

Vanquished Creatures (others)
  28 fungi (D:9)
  3 plants (D:9)
31 creatures vanquished.

Grand Total: 259 creatures vanquished

Notes
Turn   | Place    | Note
-------+----------+-------------------------------------------
     0 | D:1      | Elellon the Hill Orc Fighter began the quest for the Orb.
     0 | D:1      | Reached XP level 1. HP: 19/19 MP: 1/1
    45 | D:1      | Reached skill level 3 in Axes
   105 | D:1      | Reached XP level 2. HP: 22/26 MP: 2/2
   157 | D:1      | Reached skill level 4 in Axes
   542 | D:1      | Reached XP level 3. HP: 28/31 MP: 3/3
  1063 | D:2      | Reached skill level 5 in Axes
  1538 | D:2      | Reached XP level 4. HP: 39/39 MP: 4/4
  1991 | D:2      | Found a basalt altar of Yredelemnul.
  2061 | D:2      | Found a glowing golden altar of the Shining One.
  2225 | D:3      | Found an ornate altar of the Wu Jian Council.
  2315 | D:3      | Reached skill level 6 in Axes
  2619 | D:3      | Found a hide-covered altar of Uskayaw.
  2621 | D:3      | Found a hazy altar of Hepliaklqana.
  3040 | D:4      | Noticed Robin
  3050 | D:3      | Reached XP level 5. HP: 36/45 MP: 5/5
  3255 | D:4      | Killed Robin
  3373 | D:4      | Reached skill level 7 in Axes
  3579 | D:4      | Reached XP level 6. HP: 17/52 MP: 6/6
  3981 | D:4      | Found an opulent altar of Gozag.
  3982 | D:4      | Found an ancient bone altar of Kikubaaqudgha.
  4019 | D:4      | Noticed Duvessa
  4019 | D:4      | Noticed Dowan
  4032 | D:4      | Killed Duvessa
  4039 | D:4      | Killed Dowan
  4327 | D:5      | Entered Level 5 of the Dungeon
  4327 | D:5      | Found an opulent altar of Gozag.
  4376 | D:5      | Found a staircase to the Ecumenical Temple.
  4385 | Temple   | Entered the Ecumenical Temple
  4576 | D:5      | Reached skill level 8 in Axes
  4576 | D:5      | Reached XP level 7. HP: 41/60 MP: 7/7
  4714 | D:5      | Found Zaanuol's Assorted Antiques.
  5411 | D:5      | Found an iron altar of Okawaru.
  5432 | D:5      | Became a worshipper of Warmaster Okawaru
  5502 | D:6      | Noticed Edmund
  5696 | D:6      | Killed Edmund
  5696 | D:6      | Reached skill level 5 in Fighting
  6020 | D:6      | Reached skill level 9 in Axes
  6020 | D:6      | Reached XP level 8. HP: 68/68 MP: 8/8
  6035 | D:6      | Found a stormy altar of Qazlal.
  6173 | D:6      | Found a white marble altar of Elyvilon.
  6196 | D:6      | Reached skill level 5 in Shields
  6215 | D:6      | Reached skill level 5 in Armour
  6318 | D:6      | Found a snail-covered altar of Cheibriados.
  6951 | D:7      | Reached * piety under Okawaru
  7078 | D:7      | Noticed a kobold demonologist
  7078 | D:7      | Noticed a kobold demonologist
  7092 | D:7      | Found a transporter.
  7115 | D:7      | Found a transporter.
  7163 | D:7      | Reached skill level 10 in Axes
  7939 | D:7      | Reached XP level 9. HP: 63/78 MP: 9/9
  8598 | D:8      | Reached skill level 11 in Axes
  8663 | D:8      | Noticed Joseph
  8688 | D:8      | Killed Joseph
  8688 | D:8      | Reached ** piety under Okawaru
  9802 | D:9      | Reached *** piety under Okawaru
  9942 | D:9      | Found a runed translucent gate.
 10015 | D:9      | Reached skill level 12 in Axes
 10045 | D:9      | Found a runed translucent gate.
 10046 | D:9      | Found a runed translucent gate.
 10048 | D:9      | Noticed Thargor's ghost (novice DEFE)
 10060 | D:9      | Noticed a wizard
 10124 | D:9      | Reached XP level 10. HP: 34/87 MP: 10/10
 10550 | D:9      | Found a staircase to the Lair.
 10574 | D:9      | Reached **** piety under Okawaru
 10696 | D:9      | HP: 1/87 [orc warrior/+0 glaive (16)]
 10697 | D:9      | Slain by an orc warrior

Levels and vault maps discovered:
D:1:      minmay_arrival_four_circles, layout_loops_corners
D:2:      layout_basic, lemuel_zombie_altar_yredelemnul, marbit_many_paths,
          minivault_4, serial_park_tiny_2, minmay_tetromino_i4
D:3:      layout_loops_cross, old_standard_altar, minitemple
D:4:      layout_loops_ring, gammafunk_temple_overflow_statue, first_ration,
          minmay_mini_ossuary, uniq_robin, uniq_duvessa
D:5:      layout_loops_corners, okawaru_altar_gauntlet_db,
          minmay_temple_entry_junction, serial_shops, shop, solitary_fountain,
          nicolae_gozag_seed_capital
D:6:      layout_loops_cross, grunt_qazlal_sundering, elyvilon_altar_1,
          kennysheep_slug_shrine, uniq_edmund
D:7:      gammafunk_wand_slinger, layout_loops_ring,
          minmay_misc_feat_four_crosses
D:8:      layout_basic, hangedman_little_slice_of_home, uniq_joseph
D:9:      layout_basic, grunt_temple_overflow_champion_of_chaos,
          due_lair_maze_entry_diamond, erik_orc_1, gammafunk_ghost_split
Temple:   chequers_temple_sunken

Skill      XL: |  1  2  3  4  5  6  7  8  9 10 |
---------------+-------------------------------+-----
Axes           | 3 4 5 6 7 8 9 10 12 | 12.7
Fighting       | 4 5 6 7 8 |  8.2
Shields        | 4 6 7 |  7.6
Armour         | 4 5 7 |  7.5

Action                   |  1- 3 |  4- 6 |  7- 9 | 10-12 || total
-------------------------+-------+-------+-------+-------++-------
Melee: War axe           |   127 |   177 |   512 |    59 ||   875
  Use: Scroll            |       |       |     5 |       ||     5
  Eat: Chunk             |     2 |     9 |    32 |     6 ||    49
Armor: Scale mail        |    82 |    71 |   158 |    34 ||   345
Dodge: Dodged            |    47 |    43 |   114 |    28 ||   232
Block: Shield            |    67 |    81 |   227 |    61 ||   436
